 Dungeon Crawl Stone Soup version 0.30.0-19-g36f170ea60 (webtiles) character file.

Game seed: 5951146888537410965

2099872 RepoMan the Elven Blade (level 27, 188/188 HPs)
             Began as a Deep Elf Monk on May 27, 2023.
             Was the Champion of the Shining One.
             Escaped with the Orb
             ... and 4 runes on May 28, 2023!
             The game lasted 07:26:56 (86251 turns).

RepoMan the Elven Blade (Deep Elf Monk)            Turns: 86251, Time: 07:26:56

Health: 188/188    AC: 26    Str: 12    XL:     27
Magic:  39/41      EV: 31    Int: 30    God:    the Shining One [******]
Gold:   3633       SH: 12    Dex: 26    Spells: 13/60 levels left

rFire   + + +        r - +11 plutonium sword {Contam Stlth-}
rCold   + + .        (shield currently unavailable)
rNeg    + + +        m - +6 scale mail of Prudence {rPois rF+}
rPois   +            G - +5 hat of Gopanei {Rampage Str+3}
rElec   +            x - scarf {rC+ rF+}
rCorr   +            i - +2 pair of gloves
SInv    .            s - +2 pair of boots {Fly}
Will    +++..        e - amulet "Iheg" {RegenMP rPois rF+ Str+2} Stlth
                     F - ring of Wishful Thinking {rC+ Int+6}
HPRegen 0.51/turn    E - ring "Dutzoata" {Drain rElec Will+ rCorr EV+5}
MPRegen 0.67/turn

%: rampage
@: divinely shielded, flying, glowing, studying 3 skills
A: claws 1, clever 1, low MP 1, sense surroundings 1
0: Orb of Zot
}: 4/15 runes: decaying, slimy, silver, gossamer
a: Renounce Religion, Divine Shield, Cleansing Flame, Summon Divine Warrior,
Brand Weapon With Holy Wrath


You escaped.
You worshipped the Shining One.
The Shining One was exalted by your worship.
You visited 11 branches of the dungeon, and saw 55 of its levels.
You visited 1 bazaar.
You visited 1 ziggurat, and saw 7 of its levels.
You also visited: Gauntlet and Wizlab.

You collected 10634 gold pieces.
You spent 7001 gold pieces at shops.

Inventory:

Hand Weapons
 r - the +11 plutonium sword (weapon) {Contam Stlth-}
   (You bought it in a shop on level 2 of the Orcish Mines)

   Contam:    It causes magical contamination when unequipped.
   Stlth:     It makes you less stealthy.
 w - a +3 double sword of holy wrath
Missiles
 N - 2 throwing nets
 S - 12 curare-tipped darts (quivered)
Armour
 d - the -2 hat of the Alchemist {rElec rPois rF+ rC+ rN+ Will+ rMut rCorr}
   (You found it on level 2 of the Depths)

   rF:        It protects you from fire.
   rC:        It protects you from cold.
   rElec:     It insulates you from electricity.
   rPois:     It protects you from poison.
   rN:        It protects you from negative energy.
   rCorr:     It protects you from acid and corrosion.
   rMut:      It protects you from mutation.
   Will:      It increases your willpower.
 i - a +2 pair of gloves (worn)
 m - the +6 scale mail of Prudence (worn) {rPois rF+}
   (You found it on level 2 of the Vaults)

   rF:        It protects you from fire.
   rPois:     It protects you from poison.
 s - a +2 pair of boots of flying (worn)
 x - a scarf of resistance (worn)
 G - the +5 hat of Gopanei (worn) {Rampage Str+3}
   (You found it on level 2 of the Spider Nest)

   Str:       It affects your strength (+3).
   Rampage:   It bestows one free step when moving towards enemies.
 K - the +0 mask of the Dragon {Will+ Slay+3 SInv}
   (You found it in a Gauntlet)

   Slay:      It affects your accuracy & damage with ranged weapons and melee
   (+3).
   SInv:      It lets you see invisible.
   Will:      It increases your willpower.
Jewellery
 e - the amulet "Iheg" (around neck) {RegenMP rPois rF+ Str+2}
   (You took it off a deep elf demonologist on level 3 of the Elven Halls)

   [amulet of magic regeneration]

   It increases your rate of magic regeneration.
   Str:       It affects your strength (+2).
   rF:        It protects you from fire.
   rPois:     It protects you from poison.
 E - the ring "Dutzoata" (right hand) {Drain rElec Will+ rCorr EV+5}
   (You bought it in a shop on level 1 of the Depths)

   [ring of evasion]

   EV:        It affects your evasion (+5).
   rElec:     It insulates you from electricity.
   rCorr:     It protects you from acid and corrosion.
   Drain:     It drains your maximum health when unequipped.
   Will:      It increases your willpower.
 F - the ring of Wishful Thinking (left hand) {rC+ Int+6}
   (You found it on level 3 of the Spider Nest)

   [ring of intelligence]

   Int:       It affects your intelligence (+6).
   rC:        It protects you from cold.
 L - the amulet of the Air {Inacc Air Fly rElec RMsl}
   (You took it off a deep elf zephyrmancer on level 3 of the Elven Halls)

   [amulet of nothing]

   Inacc:     It reduces the accuracy of your attacks and spells.
   Air:       It enhances your air magic.
   rElec:     It insulates you from electricity.
   Fly:       It grants you flight.
   RMsl:      It protects you from missiles.
Wands
 t - a wand of mindburst (91)
 u - a wand of digging (20)
 Q - a wand of flame (115)
 W - a wand of acid (46)
 X - a wand of iceblast (13)
 Y - a wand of polymorph (34)
 Z - a wand of paralysis (23)
Scrolls
 f - 4 scrolls of butterflies
 h - 10 scrolls of enchant weapon
 l - 7 scrolls of vulnerability
 n - 10 scrolls of magic mapping
 o - 4 scrolls of brand weapon
 z - 2 scrolls of silence
 A - 11 scrolls of immolation
 B - 10 scrolls of enchant armour
 C - 3 scrolls of blinking
 I - 16 scrolls of teleportation
 O - 5 scrolls of poison
 R - 6 scrolls of fear
 T - 10 scrolls of fog
Potions
 a - 7 potions of cancellation
 b - 12 potions of curing
 c - 12 potions of lignification
 j - 6 potions of mutation
 k - 2 potions of might
 p - 3 potions of heal wounds
 v - a potion of berserk rage
 y - 3 potions of magic
 H - 2 potions of haste
 J - a potion of brilliance
 P - 7 potions of ambrosia
 U - 2 potions of resistance
Miscellaneous
 g - a phantom mirror
 q - a phial of floods
 D - a lightning rod (4/4)
 V - a box of beasts


   Skills:
 - Level 23.4 Fighting
 * Level 24.9 Long Blades
 - Level 9.6 Armour
 - Level 23.5 Dodging
 - Level 17.0 Spellcasting
 - Level 3.3 Conjurations
 - Level 23.3 Hexes
 - Level 13.3 Translocations
 - Level 3.3 Transmutations
 - Level 15.4 Invocations
 - Level 8.3 Evocations


You had 13 spell levels left.
You knew the following spells:

 Your Spells              Type           Power      Damage    Failure   Level
a - Manifold Assault      Tloc           81%        N/A       1%          4
b - Blink                 Tloc           100%       N/A       1%          2
d - Discord               Hex            52%        N/A       3%          8
e - Enfeeble              Hex            52%        N/A       1%          7
g - Apportation           Tloc           100%       N/A       1%          1
l - Lesser Beckoning      Tloc           100%       N/A       1%          2
m - Iskenderun's Mystic   Conj/Tloc      66%        2d14      2%          4
o - Dispersal             Tloc           40%        N/A       4%          6
p - Passwall              Tmut/Erth      29%        N/A       4%          2
v - Vhi's Electric Charg  Tloc/Air       100%       N/A       1%          3
y - Yara's Violent Unrav  Hex/Tmut       40%        3d16      1%          5
G - Gell's Gravitas       Tloc           81%        N/A       1%          3

Your spell library contained the following spells:

 Spells                   Type           Power      Damage    Failure   Level
 Slow                     Hex            100%       N/A       0%          1
 Confusing Touch          Hex            100%       N/A       0%          3
 Cause Fear               Hex            52%        N/A       0%          4
 Ensorcelled Hibernation  Hex/Ice        100%       N/A       1%          2
 Momentum Strike          Conj/Tloc      100%       3d10      1%          2
 Dazzling Flash           Conj/Hex       100%       N/A       1%          3
 Inner Flame              Hex/Fire       77%        N/A       1%          3
 Summon Guardian Golem    Hex/Summ       77%        N/A       1%          3
 Teleport Other           Tloc           81%        N/A       1%          3
 Anguish                  Hex/Necr       38%        N/A       1%          4
 Fulminant Prism          Conj/Hex       40%        3d19      1%          4
 Leda's Liquefaction      Hex/Erth       38%        N/A       1%          4
 Summon Mana Viper        Hex/Summ       77%        N/A       1%          5
 Wereblood                Tmut           45%        N/A       2%          2
 Foxfire                  Conj/Fire      100%       2x1d9     3%          1
 Kiss of Death            Conj/Necr      100%       2d13      3%          1
 Shock                    Conj/Air       100%       1d9       3%          1
 Sting                    Tmut/Pois      100%       1d8       3%          1
 Static Discharge         Conj/Air       70%        2-5/arc   4%          2
 Freeze                   Ice            100%       1d10      6%          1
 Necrotise                Necr           100%       1d9       6%          1
 Sandblast                Erth           50%        2d12      6%          1
 Summon Small Mammal      Summ           100%       N/A       6%          1
 Cigotuvi's Dreadful Rot  Necr/Pois/Air  50%        N/A       10%         2
 Poisonous Vapours        Pois/Air       50%        N/A       10%         2
 Sublimation of Blood     Necr           25%        N/A       10%         2
 Hailstorm                Conj/Ice       35%        3d9       10%         3
 Spider Form              Tmut/Pois      35%        N/A       10%         3
 Stone Arrow              Conj/Erth      70%        3d11      10%         3
 Ignite Poison            Fire/Tmut/Pois 32%        N/A       12%         3
 Mephitic Cloud           Conj/Pois/Air  32%        N/A       12%         3
 Frozen Ramparts          Ice            50%        1d8       19%         3
 Ozocubu's Armour         Ice            25%        N/A       19%         3
 Swiftness                Air            25%        N/A       19%         3
 Vampiric Draining        Necr           25%        2d7       19%         3
 Flame Wave               Conj/Fire      35%        2d10      32%         4
 Ice Form                 Ice/Tmut       35%        N/A       32%         4
 Petrify                  Tmut/Erth      35%        N/A       32%         4
 Sticky Flame             Conj/Fire      35%        2d5       32%         4
 Irradiate                Conj/Tmut      22%        3d19      43%         5
 Iskenderun's Battlesphe  Conj           45%        2d10      43%         5
 Airstrike                Air            12%        2d(2-18)  54%         4
 Animate Armour           Summ/Erth      50%        N/A       54%         4
 Olgreb's Toxic Radiance  Pois           25%        N/A       54%         4
 Summon Ice Beast         Ice/Summ       25%        N/A       54%         4
 Summon Lightning Spire   Summ/Air       25%        N/A       54%         4
 Alistair's Intoxication  Tmut/Pois      23%        N/A       65%         5
 Arcjolt                  Conj/Air       17%        1d27      65%         5
 Fireball                 Conj/Fire      17%        3d9       65%         5
 Freezing Cloud           Conj/Ice/Air   16%        6-21      75%         5
 Borgnjor's Vile Clutch   Necr/Erth      12%        N/A       87%         5
 Conjure Ball Lightning   Conj/Air       17%        3x3d6     99%         6
 Eringya's Noxious Bog    Tmut/Pois      17%        N/A       99%         6
 Iron Shot                Conj/Erth      17%        9d4       99%         6
 Starburst                Conj/Fire      17%        6d6       99%         6
 Plasma Beam              Fire/Air       12%        2x1d26    100%        6
 Simulacrum               Ice/Necr       12%        N/A       100%        6
 Dragon Form              Tmut           22%        N/A       100%        7
 Monstrous Menagerie      Summ           12%        N/A       100%        7
 Orb of Destruction       Conj           22%        9d8       100%        7
 Ozocubu's Refrigeration  Ice            12%        4d10      100%        7
 Spellforged Servitor     Conj/Summ      17%        N/A       100%        7
 Storm Form               Tmut/Air       17%        N/A       100%        7
 Summon Hydra             Summ           12%        N/A       100%        7
 Ignition                 Fire           12%        3d6       100%        8
 Lehudib's Crystal Spear  Conj/Erth      17%        10d5      100%        8
 Maxwell's Capacitive Co  Air            12%        ∞         100%        8
 Chain Lightning          Conj/Air       17%        3d23      100%        9
 Fire Storm               Conj/Fire      17%        8d5       100%        9
 Shatter                  Erth           12%        3d13*     100%        9


Dungeon Overview and Level Annotations

Branches:
Dungeon (15/15)            Temple (0/1) D:7            Lair (5/5) D:9
  Swamp (4/4) Lair:3       Spider (4/4) Lair:3        Slime (5/5) Lair:5
    Orc (2/2) D:11            Elf (3/3) Orc:2        Vaults (5/5) D:13
  Crypt (3/3) Vaults:2       Tomb (0/3) Crypt:3      Depths (4/4) D:15
    Zot (5/5) Depths:4     WizLab (visited)         Gauntlet (visited)

Altars:
Ashenzari
Cheibriados
Elyvilon
Gozag
Kikubaaqudgha
Ru
Vehumet
Wu Jian
Yredelemnul
Zin
The Shining One
Jiyva

Shops:
D:4 *   D:7 (   D:8 (   Orc:2 ([*(:   Elf:1 ==   Elf:3 !   Vaults:2 ?(
Vaults:5 :   Depths:1 :=:   Depths:2 *

Portals:
Hell: Depths:1 Depths:2 Depths:3 Depths:4
Abyss: Depths:3 Depths:4
Pandemonium: Depths:2 Depths:3

Annotations:
Crypt:2 2 transporters, exclusion: orange crystal statue, Houmnergh's ghost, master GnTm; Teduw's ghost, veteran MiGl; Vailuoroe's ghost, veteran GrEE


Innate Abilities, Weirdness & Mutations

You have sharp fingernails.
Your mind is acute. (Int +4, Str/Dex -1)
Your magical capacity is low. (-10% MP)
You passively map a small area around you.


Message History

You fly upwards.
There is a stone staircase leading down, spattered with blood here.
You fly downwards.
There is a stone staircase leading up here.
An Orb Guardian comes into view.
A sixfirhy comes into view.
There is a stone staircase leading up here.
You fly upwards.
There is a stone staircase leading down here.
You see here an amulet of faith.
There is a stone staircase leading up, spattered with blood here.
You fly upwards.
There is a stone staircase leading down here.
A large abomination comes into view.
There is a stone staircase leading up here.
You fly upwards.
There is a stone staircase leading down here.
You see here a +0 club.
There is a stone staircase leading up here.
You fly upwards.
There is a stone staircase leading down here.
Casting: Passwall (safe; 4% risk of failure)
Confirm with . or Enter, or press ? or * to list all spells.
Aiming: Passwall (safe; 4% risk of failure)
Press: ? - help, Dir - move target A rock wall.
This square is lit by a halo and is covered in magical glow.
You begin to meditate on the wall.
You continue meditating on the rock. x2
Magic restored.
You finish merging with the rock.
You fly upwards.
There is a stone staircase leading down here.
Aiming: Dig
Press: ? - help, Shift-Dir - straight line You can't see that place. [the floor.]
The rock shatters into small pieces.
There is a staircase leading out of the dungeon here.
A divine shield forms around you!
You have escaped!

....................##.##########
##........#+#+.##.#.##..#......^.
########.#.'.....#.###'#........
#.#.###.###.#............
#.'.........+.....#####..
###.###.###.#............
#.'.....#.#######......
######.....#+#######......
#....#..>@.#.......####...
#.##'#.....#####........#.
#####.##[#.....+.###........#.
#.....##.#####'#.#..........#.
#...........'....'........#...
#.....##.#######.#........#...
#.....##.'.....'.#........#...
#......#.#.###+#'#............
###....#.#.##......#####+###..


There were no monsters in sight!

Vanquished Creatures
  the Royal Jelly (Slime:5)
  5 dread liches
  5 orbs of fire
  Mara (Spider:4)
  3 ancient liches (Zot:5)
  The ghost of ShutUppercut the Conqueror, a legendary DsGl of Qazlal (Zot:1)
  Bai Suzhen (Crypt:1)
  7 Killer Klowns
  9 curse toes
  4 caustic shrikes
  10 golden dragons
  the Enchantress (Depths:4)
  Jory (Crypt:3)
  6 bone dragons
  3 electric golems
  An iron giant (Slime:4)
  Jorgrun (D:12)
  The ghost of Zosacw the Slingshot, an adept HaHu of Okawaru (Spider:3)
  Mlioglotl (Spider:2)
  A walking crystal tome (Depths:2)
  7 liches
  13 tentacled monstrosities
  20 Orb Guardians
  2 deep elf blademasters (Elf:3)
  The ghost of Taocaav the Crack Shot, an adept CeHu of Okawaru (Spider:3)
  12 quicksilver dragons
  2 titans (Vaults:5)
  21 acid blobs
  4 deep elf master archers
  A walking divine tome (Depths:2)
  11 ancient champions
  An Executioner (Depths:4)
  12 death cobs
  Gastronok (Lair:2)
  Kirke (D:15)
  The ghost of McKennaii the Devastator, an adept DgCj (Spider:3)
  4 sphinxes
  The ghost of Anuqaetage the Severer, an adept HOFi of Beogh (Spider:3)
  Donald (Spider:1)
  16 storm dragons
  Agnes (Elf:1)
  21 azure jellies
  11 shadow dragons
  9 tengu reavers
  5 draconian monks
  15 rockslimes
  The ghost of Jisity the Bludgeoner, an adept HuFi of Okawaru (Orc:1)
  2 revenants
  A draconian knight (Zig:4)
  5 deep elf sorcerers
  7 fire giants
  11 frost giants
  4 fenstrider witches
  An iron dragon (Vaults:5)
  6 emperor scorpions
  Louise (Swamp:4)
  The ghost of esran the Fighter, a journeyman TrFi of Okawaru (Orc:1)
  Aizul (Swamp:2)
  A balrug (Depths:3)
  10 ghost moths
  A juggernaut zombie (Crypt:2)
  5 draconian annihilators
  4 draconian shifters
  5 draconian scorchers
  2 orc warlords
  A reaper (Crypt:1)
  14 vault wardens
  3 deep elf elementalists
  2 war gargoyles
  7 curse skulls
  A broodmother (Spider:4)
  6 spriggan defenders
  7 ghouls
  10 ironbound thunderhulks
  23 ironbound preservers
  The ghost of ripuliukko the Eclecticist, a journeyman DEEE of Vehumet (Spider:1)
  10 stone giants
  30 very ugly things
  14 vampire knights
  A draconian stormcaller (Zot:4)
  21 quicksilver oozes
  10 deep elf demonologists
  11 green draconians
  6 eleionomae
  5 bunyips
  11 purple draconians
  11 white draconians
  6 red draconians
  The ghost of duckroller the Severer, a journeyman HOMo of Beogh (Orc:1)
  12 dire elephants
  9 black draconians
  8 yellow draconians
  11 spark wasps
  5 deep elf annihilators (Elf:3)
  Azrael (Elf:1)
  The ghost of Rello the Frost Mage, a journeyman DrIE of Vehumet (Spider:2)
  A bunyip (shapeshifter) (Depths:2)
  A crystal guardian (Vaults:4)
  2 eidola
  11 ettins
  2 shambling mangroves (WizLab)
  8 deep elf death magi
  2 blizzard demons
  15 yaktaur captains
  7 jiangshi
  A mummy priest (Zig:3)
  Fannar (D:12)
  7 fire dragons
  Josephine (D:9)
  6 entropy weavers
  8 deep elf high priests
  A quicksilver dragon zombie (Zot:4)
  15 great orbs of eyes
  8 ice dragons
  3 rakshasas (Depths:2)
  A bennu zombie (Crypt:2)
  2 vault guards (Vaults:4)
  10 hydras
  A fenstrider witch zombie (Swamp:4)
  8 spriggan air magi
  A spriggan skeleton (Crypt:1)
  3 ghost crabs
  16 centaur warriors
  4 ogre magi
  A peacekeeper (Vaults:4)
  A catoblepas (Zot:1)
  4 alligator snapping turtles
  7 jorogumos
  5 ironbound frosthearts
  32 dancing weapons
  A radroach (Spider:2)
  11 two-headed ogres
  An anaconda (Depths:2)
  13 boulder beetles
  3 tengu warriors
  8 deep troll shamans
  13 alligators
  2 satyrs (WizLab)
  12 vampire magi
  A titan zombie (Vaults:4)
  A death knight (Crypt:1)
  A death yak (Zot:4)
  5 deep troll earth magi
  3 naga sharpshooters (WizLab)
  5 hell knights
  An orc high priest (Orc:2)
  18 deep elf knights
  5 spriggan berserkers
  6 soul eaters
  7 spriggans
  4 sun demons
  8 iron trolls
  A titan skeleton (Vaults:4)
  A spectral spark wasp (Spider:1)
  3 sun moths
  Nergalle (D:11)
  A shadow wraith (Crypt:2)
  4 death drakes
  8 pharaoh ants
  A skyshark (Lair:4)
  2 sea snakes
  A death drake (shapeshifter) (Vaults:5)
  A storm dragon skeleton (Crypt:1)
  42 skeletal warriors
  5 goliath frogs
  A sea snake (shapeshifter) (Elf:1)
  4 spriggan druids
  A golden dragon zombie (Zot:4)
  5 swamp dragons
  62 deep trolls
  17 ironbound convokers
  9 orb spiders
  A glowing orange brain (Depths:1)
  A shadow dragon zombie (Zig:3)
  13 deep elf archers
  A steelbarb worm (shapeshifter) (Vaults:5)
  6 wizards
  15 phantasmal warriors
  A tengu zombie (Vaults:4)
  35 deep elf zephyrmancers
  14 steelbarb worms
  12 orc knights
  A spectral jorogumo (Spider:1)
  11 bog bodies
  3 spectral hydras (Swamp:4)
  Pikel (D:7)
  35 deep elf pyromancers
  A mana viper (shapeshifter) (Vaults:4)
  39 ugly things
  11 necromancers
  2 shadow dragon skeletons
  An oklob plant (WizLab)
  A broodmother zombie (Crypt:1)
  9 lindwurms
  6 fauns
  12 wolf spiders
  9 shining eyes
  A spectral radroach (Spider:1)
  A jorogumo skeleton (Crypt:2)
  4 cyclopes
  2 manticores
  2 will-o-the-wisps (Swamp:3)
  2 cyclopes (shapeshifter) (Vaults:5)
  5 orc sorcerers
  A shock serpent zombie (Crypt:2)
  25 moths of wrath
  A stone giant skeleton (Crypt:1)
  An apocalypse crab (Gauntlet)
  A water nymph (Vaults:1)
  3 black mambas
  11 demonic crawlers
  14 torpor snails
  13 vault sentinels
  8 cane toads
  A torpor snail (shapeshifter) (Elf:3)
  6 eyes of devastation
  3 emperor scorpion simulacra (Spider:1)
  A rime drake (shapeshifter) (Zig:6)
  2 gargoyles (D:12)
  10 komodo dragons
  An alligator snapping turtle zombie (Crypt:3)
  An orange demon (Zot:5)
  2 spriggan zombies
  Maggie (D:10)
  A kobold demonologist (Depths:3)
  A human zombie (Vaults:1)
  2 freezing wraiths (Crypt:1)
  A hellion (Depths:4)
  25 yaktaurs
  Psyche (D:10)
  7 rime drakes
  An efreet (D:13)
  4 swamp worm zombies (Swamp:4)
  An ice devil (Zig:5)
  3 hydra zombies (Swamp:4)
  4 tengu conjurers
  A guardian mummy (Crypt:3)
  2 harpy zombies (Crypt:3)
  A ghost moth simulacrum (Spider:1)
  A merfolk (Slime:3)
  10 meliai
  A red devil (Depths:2)
  A queen bee (Depths:3)
  6 trolls
  6 bloated husks
  A catoblepas skeleton (Crypt:1)
  A polar bear (Lair:3)
  A sphinx simulacrum (Vaults:4)
  A tarantella (shapeshifter) (D:13)
  A jorogumo simulacrum (Spider:1)
  25 tarantellas
  A troll (shapeshifter) (Depths:3)
  2 broodmother simulacra (Spider:1)
  12 tyrant leeches
  16 dream sheep
  A snapping turtle (shapeshifter) (Zig:6)
  4 spectral swamp dragons (Swamp:4)
  5 harpy skeletons
  A guardian serpent zombie (Crypt:3)
  25 hornets
  9 blink frogs
  An iron dragon simulacrum (Crypt:3)
  A death drake skeleton (Swamp:4)
  A meliai zombie (Crypt:1)
  4 air elementals
  31 jumping spiders
  3 alligator zombies (Swamp:4)
  78 slime creatures
  A spriggan (shapeshifter) (Vaults:5)
  12 flying skulls
  A fire dragon skeleton (Crypt:1)
  65 yaks
  6 vampires
  22 culicivoras
  3 wyverns
  10 wraiths
  An ice dragon skeleton (Crypt:1)
  5 fire elementals
  4 water elementals
  An ushabti (Zig:3)
  2 shadows
  6 basilisks
  2 hogs (D:15)
  3 steam dragons (Lair:5)
  3 golden eyes
  A chaos spawn (Zig:6)
  52 redbacks
  15 vampire mosquitoes
  A yaktaur simulacrum (Vaults:1)
  A glowing shapeshifter zombie (Vaults:1)
  15 swamp worms
  2 wargs (Orc:2)
  An acid dragon (D:5)
  2 merfolk skeletons (Crypt:3)
  2 floating eyes
  7 water moccasins
  A faun skeleton (Crypt:1)
  9 swamp drakes
  10 hell hounds
  4 swamp dragon zombies (Swamp:4)
  3 ice beasts
  A black bear (D:5)
  31 orc warriors
  18 wolves
  7 ogres
  A sky beast (shapeshifter) (Elf:2)
  4 boggarts (D:14)
  An elf simulacrum (Vaults:4)
  An orc skeleton (Vaults:1)
  20 centaurs
  4 phantoms
  8 kobold brigands
  A fire crab zombie (Crypt:1)
  9 bullfrogs
  3 necrophages
  5 earth elementals
  A scorpion (D:6)
  A salamander skeleton (Crypt:1)
  An elf skeleton (Crypt:1)
  3 wights (D:6)
  A shapeshifter zombie (Crypt:2)
  17 killer bees
  2 howler monkeys (D:13)
  A howler monkey (shapeshifter) (Vaults:4)
  2 vampire bats (D:5)
  An electric eel (Lair:3)
  2 wolf zombies (Crypt:2)
  A bullfrog zombie (D:6)
  5 hounds
  16 orc priests
  2 sleepcaps
  A bullfrog skeleton (D:6)
  3 gnoll boudas
  A spectral swamp drake (Swamp:4)
  3 iguanas
  23 orc wizards
  Natasha (thrice) (D:2)
  A spectral howler monkey (D:6)
  15 mummies
  A killer bee simulacrum (D:6)
  12 gnolls
  13 adders
  A swamp drake zombie (Crypt:3)
  3 white imps
  An ufetubus (D:7)
  A worm zombie (Crypt:3)
  An adder zombie (Crypt:2)
  An adder skeleton (Crypt:2)
  4 worms (D:2)
  3 dart slugs
  64 orcs
  8 endoplasms
  4 giant cockroaches
  7 goblins
  10 hobgoblins
  A jackal (D:4)
  3 quokkas
  7 ball pythons
  8 bats
  2 frilled lizards
  A jackal skeleton (Crypt:3)
  35 kobolds
  A quokka skeleton (Crypt:3)
  3 rats
  3 butterflies (Lair:3)
  A spectral weapon (Swamp:3)
2441 creatures vanquished.

Vanquished Creatures (collateral kills)
  An ancient lich (Zot:5)
  Mennas (Depths:4)
  A profane servitor (Zig:7)
  An Orb Guardian (Zot:5)
  A tentacled monstrosity (Vaults:5)
  A deep elf master archer (WizLab)
  A sphinx (Vaults:5)
  2 fenstrider witches
  A draconian monk (Zot:5)
  A draconian knight (Zot:5)
  2 deep elf sorcerers (Elf:3)
  A vault warden (Vaults:5)
  A deep elf elementalist (Elf:3)
  2 ghost moths
  A broodmother (Spider:2)
  4 very ugly things (Vaults:5)
  2 stone giants (Vaults:5)
  A deep elf demonologist (Elf:2)
  2 green draconians (Zot:5)
  A black draconian (Zot:5)
  3 purple draconians (Zot:5)
  A white draconian (Zot:5)
  3 yellow draconians (Zot:5)
  A minotaur (Gauntlet)
  2 entropy weavers (Spider:3)
  A shambling mangrove (WizLab)
  20 vault guards (Vaults:5)
  An ogre mage (Vaults:5)
  A dancing weapon (Elf:3)
  A centaur warrior (WizLab)
  A two-headed ogre (Vaults:5)
  A vampire mage (Zig:7)
  A satyr (WizLab)
  A deep elf knight (Elf:2)
  A pharaoh ant (Spider:3)
  2 orb spiders (Spider:2)
  An orc knight (Vaults:5)
  2 deep elf archers
  A necromancer (Vaults:5)
  An ugly thing (Vaults:5)
  3 ironbound convokers (Vaults:5)
  3 wolf spiders
  An oklob plant (WizLab)
  A vault sentinel (Vaults:5)
  2 meliai (Spider:2)
  A hornet (WizLab)
  A tarantella (Spider:2)
  2 culicivoras (Spider:2)
  3 jumping spiders (Spider:3)
  4 redbacks (Spider:3)
  A swamp worm (Swamp:2)
96 creatures vanquished.

Vanquished Creatures (others)
  An Orb Guardian (Zot:5)
  A draconian monk (Zot:5)
  A vault warden (Vaults:5)
  A draconian shifter (Zot:5)
  A draconian stormcaller (Zot:5)
  6 very ugly things (Vaults:5)
  A draconian annihilator (Zot:5)
  A vampire knight (Crypt:3)
  A yellow draconian (Zot:5)
  A hydra (Swamp:3)
  4 vault guards (Vaults:5)
  A two-headed ogre (Vaults:5)
  A deep elf pyromancer (Elf:2)
  A moth of wrath (Zot:3)
  A harpy zombie (Crypt:1)
  3 bloated husks
  A water elemental (Elf:1)
  5 humans (D:15)
  A phantom (Swamp:4)
  An iguana (Lair:5)
  2 kobolds (D:10)
  8 foxfires (Swamp:3)
44 creatures vanquished.

Grand Total: 2581 creatures vanquished

Notes
Turn   | Place    | Note
-------+----------+-------------------------------------------
     0 | D:1      | RepoMan the Deep Elf Monk began the quest for the Orb.
     0 | D:1      | Reached XP level 1. HP: 13/13 MP: 3/3
    72 | D:1      | Reached skill level 3 in Long Blades
    72 | D:1      | Reached XP level 2. HP: 9/18 MP: 4/4
   965 | D:2      | Noticed Natasha
  1144 | D:2      | Reached XP level 3. HP: 21/22 MP: 5/5
  1172 | D:2      | Reached skill level 4 in Long Blades
  1245 | D:2      | Killed Natasha
  1318 | D:2      | Reached XP level 4. HP: 27/27 MP: 6/6
  1614 | D:2      | Noticed Natasha
  1629 | D:2      | Killed Natasha
  1630 | D:2      | Reached skill level 5 in Long Blades
  1640 | D:2      | Noticed Natasha
  1663 | D:2      | Killed Natasha
  1703 | D:2      | Reached XP level 5. HP: 31/31 MP: 7/7
  2447 | D:3      | Reached skill level 6 in Long Blades
  2861 | D:3      | Reached XP level 6. HP: 36/36 MP: 8/8
  2888 | D:3      | Found a faded altar of an unknown god.
  3575 | D:4      | Found Kuaj Xull's Assorted Antiques.
  3581 | D:4      | Bought 2 potions of curing for 114 gold pieces
  3581 | D:4      | Bought a scroll labelled LAONENU WUU for 19 gold pieces
  3581 | D:4      | Bought a potion of heal wounds for 95 gold pieces
  3654 | D:4      | Reached skill level 7 in Long Blades
  3765 | D:4      | Found a glowing golden altar of the Shining One.
  3765 | D:4      | Found a glowing silver altar of Zin.
  3765 | D:4      | Found a white marble altar of Elyvilon.
  3768 | D:4      | Became a worshipper of the Shining One
  3768 | D:4      | Reached * piety under the Shining One
  3768 | D:4      | Reached ** piety under the Shining One
  4169 | D:5      | Entered Level 5 of the Dungeon
  4231 | D:5      | Reached XP level 7. HP: 20/40 MP: 9/9
  4553 | D:4      | Reached skill level 1 in Invocations
  4555 | D:4      | Bought a scroll of identify for 38 gold pieces
  4555 | D:4      | Bought a scroll labelled FORY NY FULOAM for 19 gold pieces
  4599 | D:5      | Found a snail-covered altar of Cheibriados.
  5563 | D:5      | Reached skill level 1 in Evocations
  5675 | D:5      | Reached XP level 8. HP: 25/46 MP: 11/11
  6021 | D:5      | Reached skill level 8 in Long Blades
  6021 | D:5      | Reached skill level 5 in Dodging
  7017 | D:6      | Reached XP level 9. HP: 52/52 MP: 14/14
  7026 | D:6      | Identified the +1 dagger "Voppouri" {pain, rN+}
  7512 | D:7      | Found Gouma's Weapon Boutique.
  7561 | D:7      | Identified a scroll of acquirement
  7562 | D:7      | Acquired a +3 double sword of holy wrath
  7627 | D:7      | Reached skill level 9 in Long Blades
  7910 | D:7      | Found a staircase to the Ecumenical Temple.
  7974 | D:7      | Reached *** piety under the Shining One
  8177 | D:7      | Reached skill level 1 in Armour
  8266 | D:7      | Noticed Pikel
  8277 | D:7      | Killed Pikel
  8278 | D:7      | Reached skill level 5 in Invocations
  8533 | D:7      | Reached skill level 5 in Fighting
  8694 | D:8      | Found Lico's Weapon Emporium.
  9181 | D:8      | Reached XP level 10. HP: 54/59 MP: 16/16
  9259 | D:8      | Reached skill level 10 in Long Blades
  9548 | D:8      | Found an ornate altar of the Wu Jian Council.
 10569 | D:9      | Found a staircase to the Lair.
 10747 | D:10     | Entered Level 10 of the Dungeon
 10865 | D:10     | Noticed Maggie
 11048 | Lair:1   | Entered Level 1 of the Lair of Beasts
 11123 | Lair:1   | HP: 3/60 [komodo dragon (28)]
 11351 | Lair:1   | Noticed a black mamba
 11362 | Lair:1   | Killed a black mamba
 11509 | Lair:1   | Noticed a cane toad
 11519 | Lair:1   | Killed a cane toad
 11616 | Lair:1   | Reached skill level 11 in Long Blades
 12216 | Lair:1   | Noticed a cane toad
 12221 | Lair:1   | Killed a cane toad
 12679 | Lair:2   | Reached XP level 11. HP: 38/65 MP: 18/18
 13489 | Lair:2   | Noticed Gastronok
 13994 | Lair:2   | Reached skill level 12 in Long Blades
 14083 | Lair:2   | Reached skill level 10 in Dodging
 14419 | Lair:3   | Noticed a five-headed hydra
 14437 | Lair:3   | Killed a one-headed hydra
 15022 | Lair:3   | Reached XP level 12. HP: 74/74 MP: 19/19
 15092 | Lair:3   | Found a staircase to the Swamp.
 15910 | Lair:3   | Found a hole to the Spider Nest.
 18140 | D:10     | Noticed Josephine
 18150 | D:9      | Reached skill level 10 in Fighting
 18150 | D:9      | Reached skill level 13 in Long Blades
 18191 | D:9      | Killed Josephine
 18334 | D:10     | Noticed Psyche
 18362 | D:10     | Killed Psyche
 18613 | D:10     | Killed Maggie
 18958 | D:11     | Found a staircase to the Orcish Mines.
 18968 | D:10     | Reached XP level 13. HP: 66/83 MP: 20/20
 19021 | D:11     | Noticed Nergalle
 19028 | D:11     | Killed Nergalle
 19372 | Orc:1    | Entered Level 1 of the Orcish Mines
 19691 | Orc:1    | Found a runed translucent gate.
 19691 | Orc:1    | Found a runed translucent gate.
 19692 | Orc:1    | Found a runed translucent gate.
 19694 | Orc:1    | Noticed duckroller's ghost (journeyman HOMo)
 19694 | Orc:1    | Noticed Jisity's ghost (adept HuFi)
 19694 | Orc:1    | Noticed esran's ghost (journeyman TrFi)
 19841 | Orc:2    | Entered Level 2 of the Orcish Mines
 19841 | Orc:2    | Found Jahas's General Store.
 20279 | Orc:2    | Bought a scroll of blinking for 105 gold pieces
 20372 | Orc:2    | Found a staircase to the Elven Halls.
 20400 | Orc:2    | Reached **** piety under the Shining One
 20654 | Orc:2    | Found Muastret's Book Shoppe.
 20764 | Orc:2    | Noticed an orc warlord
 20839 | Orc:2    | Found Yloosud's Antique Weapon Shop.
 21032 | Orc:2    | Killed an orc warlord
 21245 | Orc:2    | Found Raylyih's Antique Armour Shop.
 21418 | Orc:2    | Found Dicoynt's Antique Weapon Shop.
 21491 | Orc:2    | Found a runed translucent door.
 21683 | Orc:2    | Bought a translucent scale mail for 306 gold pieces
 21683 | Orc:2    | Identified the +0 scale mail of the Minstrel {Rampage rPois
                  | rF+ Str-2} (You bought it in a shop on level 2 of the
                  | Orcish Mines)
 21940 | Lair:5   | Entered Level 5 of the Lair of Beasts
 22253 | Lair:5   | Found a viscous altar of Jiyva.
 22269 | Lair:5   | Found a staircase to the Slime Pits.
 23790 | Lair:5   | Found a runed translucent door.
 23796 | Lair:5   | Reached skill level 14 in Long Blades
 24016 | Lair:5   | Reached XP level 14. HP: 84/92 MP: 21/21
 24057 | Lair:5   | Paralysed by a hornet for 2 turns
 25751 | D:12     | Noticed Jorgrun
 25762 | D:12     | Killed Jorgrun
 25838 | D:12     | Noticed Nessos
 25844 | D:12     | Nessos changed into Nessos the swamp dragon
 25844 | D:12     | Noticed Nessos
 25854 | D:12     | Killed Nessos the swamp dragon
 26249 | D:12     | Reached ***** piety under the Shining One
 26786 | D:12     | Noticed Fannar
 26800 | D:12     | Killed Fannar
 27143 | D:13     | Found a gate leading to a gauntlet.
 27199 | Gauntlet | Entered a Gauntlet
 27199 | Gauntlet | Found a transporter.
 27204 | Gauntlet | Found a transporter.
 27206 | Gauntlet | Found a transporter.
 27206 | Gauntlet | Found the +0 mask of the Dragon {Will+ Slay+3 SInv}
 27209 | Gauntlet | Found a transporter.
 27210 | Gauntlet | Found a transporter.
 27213 | Gauntlet | Found a transporter.
 27221 | Gauntlet | Found a transporter.
 27240 | Gauntlet | Found a transporter.
 27242 | Gauntlet | Found a transporter.
 27246 | Gauntlet | Found a transporter.
 27254 | Gauntlet | Found a transporter.
 27297 | Gauntlet | Found a transporter.
 27504 | Gauntlet | Identified the +2 hat of Greater Demons {Str+5}
 27513 | Gauntlet | Reached XP level 15. HP: 99/99 MP: 23/23
 27612 | Gauntlet | Identified the staff of conjuration "Soiqaogaekh" {rC+ rN+
                  | Str+2 Int-5}
 27625 | Gauntlet | Identified the amulet "Oluseegg" {*Slow rElec Regen+ Str+9
                  | Int+7}
 28001 | D:13     | Found a gate to the Vaults.
 28412 | D:13     | You fall into a shaft and drop 1 floor!
 28549 | D:13     | Found a large runed translucent door.
 28549 | D:13     | Found a large runed translucent door.
 28598 | D:13     | Reached skill level 15 in Dodging
 29037 | D:14     | Reached skill level 10 in Invocations
 29535 | D:14     | Found a sacrificial altar of Ru.
 29560 | D:14     | Reached XP level 16. HP: 59/106 MP: 15/25
 29566 | D:14     | Reached skill level 15 in Long Blades
 29868 | D:15     | Entered Level 15 of the Dungeon
 30073 | D:15     | Noticed Kirke
 30094 | D:15     | Killed Kirke
 30322 | D:15     | Found a staircase to the Depths.
 31166 | Lair:2   | Killed Gastronok
 31900 | Spider:1 | Entered Level 1 of the Spider Nest
 32964 | Spider:1 | Found a runed translucent gate.
 32964 | Spider:1 | Found a runed translucent gate.
 32964 | Spider:1 | Found a runed translucent gate.
 32967 | Spider:1 | Noticed ripuliukko's ghost (journeyman DEEE)
 33738 | Spider:2 | Noticed Donald
 33749 | Spider:1 | Killed Donald
 34227 | Spider:2 | Reached skill level 15 in Fighting
 34354 | Spider:2 | Found a runed translucent gate.
 34355 | Spider:2 | Found a runed translucent gate.
 34355 | Spider:2 | Found a runed translucent gate.
 34358 | Spider:2 | Noticed Rello's ghost (journeyman DrIE)
 34539 | Spider:2 | Noticed Mlioglotl
 34543 | Spider:2 | Noticed a bone dragon
 34544 | Spider:2 | Noticed an ancient lich
 34553 | Spider:2 | Killed Mlioglotl
 35020 | Spider:3 | Identified the ring of Wishful Thinking {rC+ Int+6}
 35765 | Spider:3 | Reached XP level 17. HP: 113/113 MP: 27/27
 36512 | Spider:3 | Found a runed translucent gate.
 36512 | Spider:3 | Found a runed translucent gate.
 36512 | Spider:3 | Found a runed translucent gate.
 36514 | Spider:3 | Noticed Taocaav's ghost (adept CeHu)
 36515 | Spider:3 | Noticed McKennaii's ghost (adept DgCj)
 36515 | Spider:3 | Noticed Zosacw's ghost (adept HaHu)
 36515 | Spider:3 | Noticed Anuqaetage's ghost (adept HOFi)
 36640 | Swamp:1  | Entered Level 1 of the Swamp
 36904 | Swamp:1  | Reached ****** piety under the Shining One
 37335 | Swamp:2  | Learned a level 2 spell: Blink
 37340 | Swamp:2  | Learned a level 4 spell: Manifold Assault
 37373 | Swamp:2  | Noticed Aizul
 37387 | Swamp:2  | Killed Aizul
 37388 | Swamp:2  | Reached skill level 1 in Translocations
 37526 | Swamp:2  | Reached skill level 1 in Spellcasting
 38227 | Swamp:3  | Reached skill level 5 in Translocations
 39047 | Swamp:4  | Entered Level 4 of the Swamp
 39225 | Swamp:4  | Noticed Louise
 39273 | Swamp:4  | Killed Louise
 39917 | Swamp:4  | Reached skill level 10 in Translocations
 40080 | Swamp:4  | Reached skill level 16 in Long Blades
 40220 | Swamp:4  | Noticed a bone dragon
 40239 | Swamp:4  | Killed a bone dragon
 40356 | Swamp:4  | Reached XP level 18. HP: 120/120 MP: 7/29
 40697 | Swamp:4  | Got a decaying rune of Zot
 41143 | Spider:4 | Entered Level 4 of the Spider Nest
 41895 | Spider:4 | Noticed Mara
 41904 | Spider:4 | Noticed RepoMan's illusion
 41907 | Spider:4 | Killed Mara
 43774 | Spider:4 | Got a gossamer rune of Zot
 44110 | Orc:1    | Killed duckroller's ghost
 44120 | Orc:1    | Killed esran's ghost
 44128 | Orc:1    | Killed Jisity's ghost
 44516 | Elf:1    | Entered Level 1 of the Elven Halls
 44539 | Elf:1    | Found a radiant altar of Vehumet.
 44634 | Elf:1    | Noticed Agnes
 44645 | Elf:1    | Killed Agnes
 44861 | Elf:1    | Found Irozacas's Jewellery Shop.
 44863 | Elf:1    | Found Galor's Jewellery Boutique.
 44916 | Elf:1    | Reached XP level 19. HP: 128/128 MP: 15/30
 45577 | Elf:1    | Got the Vellum of Wounds
 45813 | Elf:1    | Noticed Azrael
 45827 | Elf:1    | Killed Azrael
 46213 | Elf:2    | Found an ancient bone altar of Kikubaaqudgha.
 46913 | Elf:2    | Found a runed translucent gate.
 46914 | Elf:2    | Found a runed translucent gate.
 46914 | Elf:2    | Found a runed translucent gate.
 46956 | Elf:2    | Reached skill level 17 in Long Blades
 47933 | Elf:3    | Entered Level 3 of the Elven Halls
 48159 | Elf:3    | Found Hogiozel's Distillery.
 48165 | Elf:3    | Bought a potion of heal wounds for 85 gold pieces
 48196 | Elf:3    | Paralysed by an air elemental for 1 turns
 48204 | Elf:3    | Paralysed by an air elemental for 1 turns
 48269 | Elf:3    | Found a magical portal.
 48284 | WizLab   | Entered Eringya's Formal Garden
 49192 | WizLab   | Reached XP level 20. HP: 136/136 MP: 4/31
 49281 | WizLab   | Found a blossoming altar of Fedhas.
 50264 | Elf:3    | Identified the +0 robe of Xikui {rElec rPois Regen+ Stlth-}
 50498 | Elf:3    | Identified the +2 lajatang of Woukk {spect, *Corrode rN++
                  | Int+4}
 50552 | Elf:3    | Identified the +6 glaive of World Downfall {distort,
                  | Fragile Str+4 Stlth+}
 50552 | Elf:3    | Identified the amulet "Iheg" {RegenMP rPois rF+ Str+2}
 50558 | Elf:3    | Paralysed by an air elemental for 1 turns
 51219 | Orc:2    | Bought the +11 plutonium sword {Contam Stlth-} for 3500
                  | gold pieces
 51219 | Orc:2    | Found the +11 plutonium sword {Contam Stlth-}
 51709 | Elf:3    | Identified the orb "Duixkeew" {guile, Regen+ Str-3 Int+2
                  | Dex+3}
 51855 | Elf:3    | Got the Teachings on the Flinty Wind
 51875 | Elf:3    | Got the Lectures on Geometries
 51885 | Elf:3    | Identified the staff of poison "Maij" {rPois rF- Str+5
                  | Dex+3 Stlth+}
 51893 | Elf:3    | Learned a level 3 spell: Gell's Gravitas
 51897 | Elf:3    | Learned a level 3 spell: Vhi's Electric Charge
 51902 | Elf:3    | Learned a level 4 spell: Iskenderun's Mystic Blast
 52289 | Vaults:1 | Entered Level 1 of the Vaults
 52439 | D:13     | Reached skill level 1 in Conjurations
 52949 | Vaults:1 | Paralysed by a fenstrider witch for 2 turns
 53192 | Vaults:1 | Reached skill level 5 in Spellcasting
 53584 | Vaults:1 | Reached skill level 18 in Long Blades
 54462 | Vaults:1 | Identified the +5 arbalest "Ykodioledi" {heavy, rCorr}
 54469 | Vaults:1 | Reached XP level 21. HP: 138/144 MP: 20/32
 54812 | Vaults:2 | Found Garunyge's Weapon Shop.
 55112 | Vaults:2 | Identified the +1 spear "Giantslayer" {elec, Dex+6}
 56131 | Vaults:2 | Found Yhofep's Magic Scroll Shop.
 56167 | Vaults:2 | Bought a scroll of blinking for 172 gold pieces
 56167 | Vaults:2 | Bought a scroll of butterflies for 92 gold pieces
 56167 | Vaults:2 | Bought a scroll of fog for 92 gold pieces
 56205 | Vaults:2 | Found a staircase to the Crypt.
 56779 | Vaults:2 | Identified the +6 scale mail of Prudence {rPois rF+}
 57282 | Vaults:3 | Identified the +9 dagger of the Eel {freeze, SInv}
 58822 | Vaults:4 | Acquired 1199 gold pieces
 58881 | Vaults:4 | Identified the +0 robe of the Other Side {rPois rC- rN+
                  | Archmagi}
 59034 | Vaults:4 | Reached XP level 22. HP: 152/152 MP: 28/37
 59962 | Vaults:4 | Reached skill level 19 in Long Blades
 60259 | Crypt:1  | Entered Level 1 of the Crypt
 60259 | Crypt:1  | Noticed Bai Suzhen
 60268 | Crypt:1  | Killed Bai Suzhen
 60902 | Crypt:1  | Identified the +0 robe of Vexation {rElec}
 61753 | Crypt:2  | Noticed Houmnergh's ghost (master GnTm)
 61761 | Crypt:2  | Noticed Teduw's ghost (veteran MiGl)
 61791 | Crypt:2  | Found a transporter.
 61799 | Crypt:2  | Noticed Vailuoroe's ghost (veteran GrEE)
 61806 | Crypt:2  | Noticed a royal mummy
 61815 | Crypt:2  | Reached skill level 10 in Spellcasting
 61865 | Crypt:2  | Found a transporter.
 62386 | Crypt:3  | Entered Level 3 of the Crypt
 62528 | Crypt:3  | Found a staircase to the Tomb.
 62617 | Crypt:3  | Noticed a dread lich
 62624 | Crypt:3  | Killed a dread lich
 62733 | Crypt:3  | Noticed Jory
 62745 | Crypt:3  | Killed Jory
 63137 | Crypt:3  | Reached XP level 23. HP: 112/160 MP: 8/40
 63525 | Crypt:3  | Noticed a curse toe
 63533 | Crypt:3  | Killed a curse toe
 63571 | Crypt:3  | Found an ancient bone altar of Kikubaaqudgha.
 63580 | Crypt:3  | Found a basalt altar of Yredelemnul.
 63646 | Crypt:3  | Identified the +2 leather armour of Quiet Fog {rC+ Str+2}
 63980 | Crypt:3  | Found a basalt altar of Yredelemnul.
 64219 | Depths:1 | Entered Level 1 of the Depths
 64747 | Depths:1 | Found a broken altar of Ashenzari.
 64785 | Depths:1 | Found an opulent altar of Gozag.
 65178 | Depths:1 | Found a gateway to Hell.
 65522 | Depths:1 | Found Uczudeoc's Book Shop.
 65522 | Depths:1 | Found Wiorr's Jewellery Shoppe.
 65523 | Depths:1 | Found Hurur's Book Shop.
 65534 | Depths:1 | Bought the ring "Dutzoata" {Drain rElec Will+ rCorr EV+5}
                  | for 834 gold pieces
 65566 | Depths:1 | Bought a book of Party Tricks for 192 gold pieces
 65568 | Depths:1 | Learned a level 1 spell: Apportation
 65738 | Depths:2 | Reached skill level 5 in Evocations
 65787 | Depths:2 | Found a one-way gateway to a ziggurat.
 65847 | Depths:2 | Found Ofuira's Assorted Antiques.
 66127 | Depths:2 | Found a runed translucent door.
 66128 | Depths:2 | Found a runed translucent door.
 66317 | Depths:2 | a tengu reaver changed into a caustic shrike
 66317 | Depths:2 | Noticed a caustic shrike
 66320 | Depths:2 | Killed a caustic shrike
 66454 | Depths:2 | Identified the ring of the Kangaroo {Int+6 Dex+2 SInv}
 66462 | Depths:2 | Reached skill level 20 in Long Blades
 66541 | Depths:2 | Identified the ring of Utubeps {rPois rN++ Will+ Int-3
                  | SInv}
 66573 | Depths:2 | Found the -2 hat of the Alchemist {rElec rPois rF+ rC+ rN+
                  | Will+ rMut rCorr}
 66583 | Depths:2 | Got the Catalogue of Filthy Vicissitude
 66813 | Depths:2 | Found an ancient bone altar of Kikubaaqudgha.
 66966 | Depths:2 | Found a one-way gate leading to the halls of Pandemonium.
 67153 | Depths:3 | Found a flickering gateway to a bazaar.
 67439 | Bazaar   | Entered a bazaar
 67439 | Bazaar   | Found Geleh's Book Shoppe.
 67439 | Bazaar   | Found Milu's Magic Scroll Emporium.
 67439 | Bazaar   | Found Boraig's Book Shoppe.
 67455 | Bazaar   | Bought the Unrestrained Analects for 552 gold pieces
 67455 | Bazaar   | Bought a book of Spatial Translocations for 216 gold pieces
 67458 | Bazaar   | Learned a level 2 spell: Lesser Beckoning
 67464 | Bazaar   | Bought a scroll of teleportation for 30 gold pieces
 67464 | Bazaar   | Bought a scroll of fear for 40 gold pieces
 67464 | Bazaar   | Bought a scroll of poison for 40 gold pieces
 67464 | Bazaar   | Bought a scroll of poison for 40 gold pieces
 67464 | Bazaar   | Bought a scroll of butterflies for 40 gold pieces
 67468 | Bazaar   | Bought a book of Burglary for 380 gold pieces
 67472 | Bazaar   | Learned a level 2 spell: Passwall
 67563 | Depths:3 | Reached skill level 1 in Hexes
 67617 | Depths:3 | Identified the +2 long sword of an ice cave {drain, Will+}
 67936 | Depths:3 | Reached XP level 24. HP: 147/168 MP: 28/42
 68389 | Depths:3 | Found a one-way gate to the infinite horrors of the Abyss.
 68575 | Depths:4 | Entered Level 4 of the Depths
 68579 | Depths:4 | Reached skill level 5 in Hexes
 68656 | Depths:4 | Noticed the Enchantress
 68940 | Depths:4 | Killed the Enchantress
 69376 | Depths:4 | Learned a level 8 spell: Discord
 70217 | Depths:4 | Found a gate to the Realm of Zot.
 70239 | Depths:4 | Identified the +6 tower shield of Happiness {rPois}
 70239 | Depths:4 | Noticed Mennas
 70254 | Depths:4 | Killed Mennas
 71019 | Slime:1  | Entered Level 1 of the Pits of Slime
 71024 | Slime:1  | Reached skill level 10 in Hexes
 71501 | Slime:3  | You fall into a shaft and drop 1 floor!
 71564 | Slime:3  | Gained mutation: Your magical capacity is low. (-10% MP) [a
                  | shining eye]
 71671 | Slime:3  | Reached skill level 15 in Invocations
 72016 | Slime:5  | Entered Level 5 of the Pits of Slime
 72056 | Slime:5  | Lost mutation: Your magical capacity is low. (-10% MP)
                  | [potion of mutation]
 72056 | Slime:5  | Gained mutation: Your mind is acute. (Int +4, Str/Dex -1)
                  | [potion of mutation]
 72056 | Slime:5  | Gained mutation: You have sharp fingernails. [potion of
                  | mutation]
 72486 | Slime:5  | Noticed the Royal Jelly
 72654 | Slime:5  | Found a viscous altar of Jiyva.
 73268 | Slime:5  | Killed the Royal Jelly
 73269 | Slime:5  | Reached skill level 15 in Hexes
 73326 | Slime:5  | Got the Atlas of Curses and the Crevasse
 73362 | Slime:5  | Identified the +3 halberd of Abotori {heavy, rPois Str+3}
 73368 | Slime:5  | Identified the +0 plate armour of Altruism {rF+ Dex+3}
 73375 | Slime:5  | Got a slimy rune of Zot
 73377 | Slime:5  | Got the Tome of the Earth
 73385 | Slime:5  | Identified the staff of death "Qywn" {rC++ rN+ Will+}
 73390 | Slime:5  | Identified the +6 dagger "Rowubb" {drain, Str-3 Int+6 SInv
                  | Stlth+}
 73401 | Slime:5  | Got the Tome of Nephomancy
 73451 | Slime:5  | Acquired 692 gold pieces
 73738 | Spider:1 | Killed ripuliukko's ghost
 73806 | Spider:2 | Reached XP level 25. HP: 171/176 MP: 42/42
 73917 | Spider:2 | Killed Rello's ghost
 74046 | Spider:2 | Identified the +5 hat of Gopanei {Rampage Str+3}
 74048 | Spider:2 | Identified the ring "Ylodwowk" {rF+ rCorr Str+2 Int+2
                  | Slay-4}
 74151 | Spider:3 | Killed McKennaii's ghost
 74159 | Spider:3 | Killed Zosacw's ghost
 74165 | Spider:3 | Killed Anuqaetage's ghost
 74174 | Spider:3 | Killed Taocaav's ghost
 74572 | Zot:1    | Entered Level 1 of the Realm of Zot
 74723 | Zot:1    | Found a runed translucent gate.
 74723 | Zot:1    | Found a runed translucent gate.
 74723 | Zot:1    | Found a runed translucent gate.
 74726 | Zot:1    | Noticed ShutUppercut's ghost (legendary DsGl)
 75778 | Zot:1    | Reached skill level 21 in Long Blades
 75791 | Zot:1    | Killed ShutUppercut's ghost
 78111 | Zot:4    | Noticed a Killer Klown
 78120 | Zot:4    | Killed a Killer Klown
 78121 | Zot:4    | Reached skill level 5 in Armour
 78656 | Zot:4    | Reached XP level 26. HP: 183/183 MP: 37/43
 79059 | Zot:4    | Reached skill level 15 in Spellcasting
 80273 | Zig:1    | Entered Level 1 of a ziggurat
 80314 | Zig:2    | Entered Level 2 of a ziggurat
 80338 | Zig:3    | Entered Level 3 of a ziggurat
 80363 | Zig:4    | Entered Level 4 of a ziggurat
 80421 | Zig:5    | Entered Level 5 of a ziggurat
 80447 | Zig:5    | Identified the +0 robe of Tinautea {+Inv}
 80509 | Zig:6    | Entered Level 6 of a ziggurat
 80564 | Zig:6    | Got the Meditations on the Xenomorphic Fjord
 80581 | Zig:6    | Learned a level 5 spell: Yara's Violent Unravelling
 80588 | Zig:6    | Learned a level 6 spell: Dispersal
 80591 | Zig:7    | Entered Level 7 of a ziggurat
 80615 | Zig:7    | Reached skill level 1 in Transmutations
 80643 | Zig:7    | Identified the staff of conjuration "Guan" {rCorr Str-4
                  | Dex+3}
 80649 | Zig:7    | Identified the +4 quarterstaff "Ykodgh" {heavy, rElec rN+
                  | Dex+3 Stlth-}
 80901 | Vaults:5 | Entered Level 5 of the Vaults
 81277 | Vaults:5 | Reached skill level 22 in Long Blades
 81743 | Vaults:5 | Found the +8 lance "Wyrmbane" {slay drac, rPois rF+ rC+
                  | AC+3}
 81893 | Vaults:5 | Reached XP level 27. HP: 178/188 MP: 36/45
 81981 | Vaults:5 | Found Umustra's Book Boutique.
 81989 | Vaults:5 | Identified the staff of air "Itedgh" {rElec rC+ Will+}
 82050 | Vaults:5 | Identified the staff of cold "Imeomoethi" {rC+ Str+3 Dex+3}
 82245 | Vaults:5 | Got a silver rune of Zot
 82260 | Vaults:5 | Identified the staff of poison "Iremoy" {rPois rC- rN+
                  | Str+3 Dex+3}
 82630 | Vaults:5 | Identified the staff of air "Dorer" {rElec rCorr Dex+4}
 82635 | Vaults:5 | Identified the ring "Orphem" {rF+ rN+ Int+2 Dex+3}
 82660 | Vaults:5 | Identified the staff of air "Dear" {Fly rElec rCorr Int-4
                  | Dex+2}
 82774 | Vaults:5 | Got the Commentary on the Quake and Lightning
 83294 | Zot:5    | Entered Level 5 of the Realm of Zot
 84067 | Zot:5    | Killed an ancient lich
 84077 | Zot:5    | Noticed an orb of fire
 84079 | Zot:5    | Noticed an orb of fire
 84178 | Zot:5    | Gained mutation: You are vulnerable to cold. (rC-) [an orb
                  | of fire]
 84179 | Zot:5    | Noticed an orb of fire
 84179 | Zot:5    | Killed an orb of fire
 84180 | Zot:5    | Reached skill level 23 in Long Blades
 84182 | Zot:5    | Noticed an orb of fire
 84183 | Zot:5    | Gained mutation: You have hidden genetic defects. [an orb
                  | of fire]
 84184 | Zot:5    | Noticed an orb of fire
 84184 | Zot:5    | Gained mutation: Your spells are a little easier to cast,
                  | but a little less powerful. [an orb of fire]
 84189 | Zot:5    | Gained mutation: You are weak. (Str -2) [an orb of fire]
 84190 | Zot:5    | Killed an orb of fire
 84201 | Zot:4    | Lost mutation: You have sharp fingernails. [potion of
                  | mutation]
 84201 | Zot:4    | Lost mutation: You have hidden genetic defects. [potion of
                  | mutation]
 84201 | Zot:4    | Lost mutation: Your spells are a little easier to cast, but
                  | a little less powerful. [potion of mutation]
 84201 | Zot:4    | Gained mutation: You have an increased reservoir of magic.
                  | (+10% MP) [potion of mutation]
 84201 | Zot:4    | Lost mutation: You have an increased reservoir of magic.
                  | (+10% MP) [potion of mutation]
 84283 | Zot:5    | Noticed a dread lich
 84286 | Zot:5    | Killed an orb of fire
 84338 | Zot:4    | Gained mutation: You are vulnerable to heat. (rF-) [an orb
                  | of fire]
 84347 | Zot:4    | Killed an orb of fire
 84395 | Zot:4    | Lost mutation: You are weak. (Str -2) [potion of mutation]
 84395 | Zot:4    | Lost mutation: Your mind is acute. (Int +4, Str/Dex -1)
                  | [potion of mutation]
 84395 | Zot:4    | Gained mutation: You have sharp toenails. [potion of
                  | mutation]
 84395 | Zot:4    | Gained mutation: You sometimes lose your temper in combat.
                  | [potion of mutation]
 84395 | Zot:4    | Gained mutation: You have an uncontrollable temper. [potion
                  | of mutation]
 84396 | Zot:4    | Lost mutation: You are vulnerable to cold. (rC-) [potion of
                  | mutation]
 84396 | Zot:4    | Lost mutation: You are vulnerable to heat. (rF-) [potion of
                  | mutation]
 84396 | Zot:4    | Lost mutation: You have an uncontrollable temper. [potion
                  | of mutation]
 84396 | Zot:4    | Gained mutation: Your body sometimes deteriorates upon
                  | taking damage. [potion of mutation]
 84396 | Zot:4    | Gained mutation: Your magical capacity is low. (-10% MP)
                  | [potion of mutation]
 84396 | Zot:4    | Gained mutation: You have sharp fingernails. [potion of
                  | mutation]
 84397 | Zot:4    | Lost mutation: You have sharp toenails. [potion of
                  | mutation]
 84397 | Zot:4    | Lost mutation: You sometimes lose your temper in combat.
                  | [potion of mutation]
 84397 | Zot:4    | Lost mutation: Your body sometimes deteriorates upon taking
                  | damage. [potion of mutation]
 84397 | Zot:4    | Gained mutation: Your mind is acute. (Int +4, Str/Dex -1)
                  | [potion of mutation]
 84397 | Zot:4    | Gained mutation: You passively map a small area around you.
                  | [potion of mutation]
 84520 | Zot:4    | Killed a dread lich
 84537 | Zot:5    | Killed an orb of fire
 84589 | Zot:5    | Noticed a dread lich
 84596 | Zot:5    | Killed a dread lich
 84807 | Zot:5    | Noticed an ancient lich
 84809 | Zot:5    | Noticed an ancient lich
 84812 | Zot:5    | Killed an ancient lich
 84814 | Zot:5    | Killed an ancient lich
 84853 | Zot:5    | Reached skill level 24 in Long Blades
 84936 | Zot:5    | Noticed an ancient lich
 84947 | Zot:5    | Killed an ancient lich
 84981 | Zot:5    | Noticed a dread lich
 84988 | Zot:5    | Killed a dread lich
 85021 | Zot:5    | Noticed a dread lich
 85034 | Zot:5    | Killed a dread lich
 85685 | Zot:5    | Acquired a book of Hexes
 85695 | Zot:5    | Learned a level 7 spell: Enfeeble
 85760 | Zot:5    | Got the Orb of Zot
 86251 | D:$      | Escaped with the Orb!

Illustrated notes

Levels and vault maps discovered:
D:1:      shiori_arrival_maze, layout_basic
D:2:      kennysheep_big_flooded_room, layout_basic, fountainhead,
          chequers_serial_rivers_micro_a, serial_park_tiny_2, uniq_natasha
D:3:      layout_basic, shapermc_ecumenical_altar_mp_vishouse,
          nicolae_underground_beach
D:4:      minmay_clustersquares, layout_basic, good_gods_mini_temple,
          nicolae_stop_n_shop_1, kennysheep_generic_room_12
D:5:      layout_basic, mainiacjoe_overflow_surrounded_room, roderic_batcave
D:6:      layout_rooms, amcnicky_mini_pool_small, dilly_guarded_unrand_morg
D:7:      layout_basic, minmay_temple_entry_glassed_door, serial_shops, shop,
          uniq_pikel
D:8:      layout_basic, nicolae_wu_jian_immortal_techniques, serial_curves,
          eino_curves_01, eino_curves_03, eino_curves_03, serial_shops, shop
D:9:      layout_basic, lair_entry_dummy, minmay_misc_feat_hallway
D:10:     layout_roguey, uniq_maggie, uniq_josephine, uniq_psyche
D:11:     layout_roguey, orc_0_dummy, uniq_nergalle
D:12:     layout_loops_ring, st_stairs_4, uniq_fannar, uniq_nessos, uniq_jorgrun
D:13:     layout_roguey, erik_vaults_1, gauntlet_entry_generic,
          lightli_elemental_guards
D:14:     layout_roguey, basic_altar
D:15:     grunt_enter_depths_giant_problem, layout_loops_cross,
          minmay_misc_feat_square, nicolae_benzene_ring, uniq_kirke
Lair:1:   layout_cave_pods, chequers_serial_rivers_marsh, serial_bayou_pond_a,
          lemuel_fruit_tree, lemuel_fruit_fields
Lair:2:   layout_regular_city, grunt_forest_small_clearing_treed, uniq_gastronok
Lair:3:   layout_chaotic_city, skrybe_swamp_entry_bodies,
          spider_nest_entry_funnel_web, lemuel_fruit_fields,
          infiniplex_staircase_pool, lemuel_fruit_fields
Lair:4:   layout_cave_pods
Lair:5:   guppyfry_lair_end_dragon, layout_regular_city, wormcave,
          nicolae_slime_entry_slimehenge, grunt_megastairs_2,
          lemuel_fruit_fields
Swamp:1:  layout_falls_marsh, evilmike_swamp_ruin_house_3
Swamp:2:  layout_basic_swamp, evilmike_swamp_ruin_house_5, uniq_aizul
Swamp:3:  layout_basic_swamp, evilmike_swamp_ruin_wall
Swamp:4:  swamp_pestilence, layout_basic_swamp, swamp_pool4, grunt_hermit_hut,
          uniq_louise
Spider:1: layout_chambers, gammafunk_ghost_necromancy,
          nicolae_spider_not_touching_you
Spider:2: layout_spider_delve, gammafunk_ghost_tricky_traps,
          spiders_nest_hornet_nest, uniq_mlioglotl, uniq_donald
Spider:3: layout_chambers, gammafunk_ghost_cemetery
Spider:4: hellmonk_spider_rune_bug_friends, nicolae_spider_world_wide_web,
          uniq_mara
Slime:1:  layout_caves, special_room [special_room_jelly]
Slime:2:  layout_caves
Slime:3:  layout_caves
Slime:4:  layout_caves, nicolae_slime_crime_time
Slime:5
Orc:1:    layout_diamond_mine, gammafunk_ghost_cemetery
Orc:2:    grunt_orc_gardens, layout_diamond_mine, grunt_orc_garden,
          grunt_orc_garden, grunt_orc_garden, grunt_orc_garden, serial_shops,
          nicolae_shop_pleasant_corner_grove, lightli_church_of_beogh
Elf:1:    eino_elf_arrival_altar, layout_loops_ring, minmay_elf_sorcery,
          minmay_shoptagon, uniq_agnes, uniq_azrael
Elf:2:    nicolae_elf_blades_crystal_corner, layout_geoelf_grid, basic_altar
Elf:3:    elf_hall, layout_loops_cross, mu_enter_wizlab_1, minmay_shop_star
Vaults:1: nicolae_vaults_storage_closets_1, nicolae_vaults_asterisk,
          nicolae_vaults_storage_room_glass, v_misc_11, ontoclasm_vaults_fault,
          v_misc_4, v_rooms_1, v_misc_29, nicolae_vaults_little_squares_6,
          nicolae_vaults_closet_pinwheel_3, vaults_room_pool,
          nicolae_vaults_diamond_2, layout_vaults_omnibox
Vaults:2: hangedman_vaults_slice, nicolae_vaults_closet_pinwheel_2,
          vaults_standard_mumra_enter_the_diamond, dpeg_vaults_hating_casters,
          nicolae_vaults_storage_closets_3,
          vaults_standard_mumra_enter_the_diamond, ontoclasm_vaults_gateway,
          v_pattern_2, nicolae_vaults_tetromino_Z_1, layout_vaults_omnigrid,
          minmay_crypt_entry_simple_box, serial_shops, shop,
          nicolae_shop_just_a_little_nook
Vaults:3: nicolae_vaults_tetromino_T_2, vaults_room_semicircle, v_misc_9,
          nicolae_vaults_trapezoid_lopsided_1, nicolae_vaults_inception_corners,
          st_squares, nicolae_vaults_tetromino_T_1,
          nicolae_vaults_closet_pinwheel_4, v_misc_8,
          nicolae_vaults_closet_pinwheel_4, nicolae_vaults_lightning_bolt,
          nicolae_vaults_cochlea, layout_vaults_maze_snakey
Vaults:4: v_misc_12, vaults_mumra_chevron_long,
          nicolae_vaults_offset_grid_hallway_4, nicolae_vaults_trapezoid_1,
          nicolae_vaults_whirlpool_walls,
          nicolae_vaults_windows_and_doors_thing, nicolae_vaults_tetromino_Z_1,
          hangedman_vaults_capsules, vaults_mumra_hex,
          nicolae_vaults_little_squares_4, nicolae_vaults_trapezoid_lopsided_1,
          vaults_room_pools, layout_vaults_omnicross
Vaults:5
Crypt:1:  layout_chaotic_city, grunt_megastairs_1, uniq_bai_suzhen
Crypt:2:  layout_misc_corridors, nzn_ghost_randoct
Crypt:3:  lightli_unholy_cathedral, layout_chaotic_city,
          nicolae_tomb_entry_unfolded_pyramid_orthogonal,
          weyrava_vampire_temple, uniq_jory, uniq_josephina
Depths:1: layout_cave_shapes, hangedman_coc_ice_floe, grunt_gozag_statues,
          minmay_misc_feat_cross, grunt_ministairs_1, ashenzari_altar_1,
          grunt_megastairs_5, minmay_shop_grove
Depths:2: minmay_the_grid_triangle_9x9_rhombus_full
          [minmay_the_grid_triangle_9x9_alien,
          minmay_the_grid_triangle_9x9_corrupted_corridor,
          minmay_the_grid_triangle_9x9_descending_squares,
          minmay_the_grid_triangle_9x9_tough_junction,
          minmay_the_grid_triangle_9x9_stretched_checkered,
          minmay_the_grid_triangle_9x9_pentomino_pain,
          minmay_the_grid_triangle_9x9_longest,
          minmay_the_grid_triangle_9x9_prize_schism], layout_basic,
          enter_ziggurat_a, rand_demon_pan_entry_3, hell_entry,
          nicolae_kikubaaqudgha_miasma_corner, serial_shops,
          nicolae_shop_real_fake_doors, serial_bayou_pond_c,
          serial_bayou_shore_b
Depths:3: minmay_skeletal_surprise, layout_cave_shapes, nicolae_water_bricks,
          rand_demon_pan_entry_4, lightli_too_deep, marbit_kobold_abyss_entry,
          serial_shops, bzr_entry_road, minmay_misc_feat_diagonals
Depths:4: evilmike_zot_entry_basic, layout_honeycomb, abyss_entry,
          nrook_mini_vaults, hell_entry, serial_bayou_shore_a, uniq_mennas,
          uniq_enchantress
Zot:1:    layout_basic, gammafunk_ghost_ooze
Zot:2:    layout_misc_corridors, zot_minivault_7
Zot:3:    layout_gridlike
Zot:4:    hangedman_snap_crack_crunch, layout_concentric_octagons, st_stairs_8
Zot:5:    layout_onion

Skill      XL: |  1  2  3  4  5  6  7  8  9 10 11 12 13 14 15 16 17 18 19 20 21 22 23 24 25 26 27 |
---------------+----------------------------------------------------------------------------------+-----
Long Blades    | 3 4 5 6 7 8 9 11 12 13 14 15 16 17 18 19 20 21 22 24 | 24.9
Dodging        | 4 5 7 8 10 12 13 14 15 16 17 19 20 21 22 23 | 23.5
Invocations    | 2 4 5 7 9 10 11 12 13 14 15 | 15.4
Fighting       | 3 4 5 6 8 10 12 13 14 15 17 18 19 20 21 22 23 | 23.4
Evocations     | 1 3 6 8 |  8.3
Armour         | 1 3 5 8 9 |  9.6
Translocations | 10 11 13 | 13.3
Spellcasting   | 3 6 9 11 13 14 16 17 | 17.0
Conjurations   | 3 |  3.3
Hexes          | 3 15 21 23 | 23.3
Transmutations | 3 |  3.3

Action                     |  1- 3 |  4- 6 |  7- 9 | 10-12 | 13-15 | 16-18 | 19-21 | 22-24 | 25-27 || total
---------------------------+-------+-------+-------+-------+-------+-------+-------+-------+-------++-------
  Melee: Falchion          |    64 |   237 |   343 |       |       |       |       |       |       ||   644
         Double sword      |       |       |   100 |   616 |   910 |  1818 |   881 |       |       ||  4325
         Hand axe          |       |       |       |     4 |       |       |       |       |       ||     4
         Scimitar          |       |       |       |       |     7 |    47 |       |       |       ||    54
         Punch             |       |       |       |       |       |    27 |    17 |       |       ||    44
         Triple sword      |       |       |       |       |       |       |   959 |  2121 |  1854 ||  4934
  Throw: Stone             |       |    15 |    18 |     7 |     6 |       |       |       |       ||    46
         Dart              |       |     5 |     9 |    53 |   107 |    87 |    10 |       |       ||   271
         Throwing net      |       |       |       |     1 |     2 |       |       |       |       ||     3
         Javelin           |       |       |       |       |       |     1 |       |       |       ||     1
   Cast: Manifold Assault  |       |       |       |       |       |   198 |   455 |   684 |   776 ||  2113
         Iskenderun's Myst |       |       |       |       |       |       |     2 |       |       ||     2
         Passwall          |       |       |       |       |       |       |       |     1 |     2 ||     3
         Apportation       |       |       |       |       |       |       |       |       |     6 ||     6
         Discord           |       |       |       |       |       |       |       |       |    14 ||    14
         Vhi's Electric Ch |       |       |       |       |       |       |       |       |     4 ||     4
         Yara's Violent Un |       |       |       |       |       |       |       |       |     1 ||     1
 Invoke: Divine Shield     |       |       |    10 |    16 |     9 |    10 |     7 |     4 |     6 ||    62
         Cleansing Flame   |       |       |       |     1 |       |    11 |     4 |       |    16 ||    32
         Summon Divine War |       |       |       |       |     1 |     4 |     3 |     1 |     1 ||    10
  Evoke: Wand              |       |    10 |     9 |    17 |     5 |    14 |     2 |     4 |     5 ||    66
         Box of beasts     |       |       |       |       |       |     1 |     1 |       |       ||     2
         Tin of tremorston |       |       |       |       |       |       |     2 |     2 |     1 ||     5
    Use: Potion            |     3 |     4 |     7 |     6 |     6 |    10 |    10 |    12 |    15 ||    73
         Scroll            |     6 |     7 |     7 |    10 |    10 |     5 |    16 |    12 |     9 ||    82
   Stab: Paralysed         |       |    10 |       |       |       |       |       |       |       ||    10
 Armour: Ring mail         |    16 |    67 |   156 |    31 |   167 |    11 |       |       |       ||   448
         Robe              |       |       |       |    61 |       |       |       |       |       ||    61
         Skin              |       |       |       |    21 |       |       |       |       |       ||    21
         Scale mail        |       |       |       |       |     1 |     3 |    13 |   148 |   219 ||   384
         Swamp dragon scal |       |       |       |       |       |   146 |    70 |       |       ||   216
  Dodge: Dodged            |    29 |   109 |   240 |   467 |   719 |  1807 |   989 |   790 |   742 ||  5892
  Block: Orb               |       |       |    37 |    76 |    40 |    17 |       |       |       ||   170
         Other             |       |       |       |       |       |    71 |    69 |    28 |    44 ||   212
